 Dungeon Crawl Stone Soup version 0.19.1 (webtiles) character file.

1925591 Idleism the Swordmaster (level 26, 266/266 HPs)
             Began as a Minotaur Fighter on Dec 10, 2016.
             Was the Champion of Okawaru.
             Escaped with the Orb
             ... and 3 runes!
             The game lasted 03:50:17 (53768 turns).

Idleism the Swordmaster (Minotaur Fighter)         Turns: 53768, Time: 03:50:17

Health: 266/266    AC: 50    Str: 32    XL:     26   Next: 99%
Magic:  19/19      EV: 29    Int: 14    God:    Okawaru [******]
Gold:   3760       SH:  0    Dex: 23    Spells: 0 memorised, 25 levels left

rFire  + . .     SeeInvis .     a - +9 triple sword (slice)
rCold  + + .     Gourm    .     c - +9 gold dragon scales
rNeg   . . .     Faith    +     (shield currently unavailable)
rPois  +         Spirit   .     (helmet unavailable)
rElec  +         Reflect  .     i - +2 cloak {MR+}
rCorr  .         Harm     .     S - +2 pair of gloves
MR     +++..                    K - +2 pair of boots of the Clam {rElec rC+ Dex+3}
Stlth  ..........               V - amulet "Obegisow" {Faith +Blink MR+ MP-9 Dex+4}
                                t - ring of the Echidna {EV+5 Str+5 Int+5 Stlth+}
                                n - +3 ring of slaying

@: slightly contaminated, hasted (expiring), very quick
A: retaliatory headbutt, horns 3, thin metallic scales 1, clever 2, screaming 1
a: Heroism, Finesse, Renounce Religion, Evoke Blink
0: Orb of Zot
}: 3/15 runes: serpentine, barnacled, silver


You escaped.
You worshipped Okawaru.
Okawaru was exalted by your worship.
You were not hungry.

You visited 9 branches of the dungeon, and saw 47 of its levels.
You visited the Abyss 1 time.
You visited 1 bazaar.
You also visited: Ice Cave.

You collected 6743 gold pieces.
You spent 2983 gold pieces at shops.

Inventory:

Hand Weapons
 a - a +9 triple sword of slicing (weapon)
 b - the +8 long sword of Evolution {drain, rF+++ Dex-5}
   (Okawaru gifted it to you on level 1 of the Vaults)

   A truly terrible weapon, it drains the life of those it strikes.
   It affects your dexterity (-5).
   It renders you almost immune to fire.
 L - a +2 great sword of flaming
Missiles
 A - 14 steel javelins (quivered)
Armour
 c - +9 gold dragon scales (worn)
 i - a +2 cloak of magic resistance (worn)
 K - the +2 pair of boots of the Clam (worn) {rElec rC+ Dex+3}
   (Okawaru gifted it to you on level 2 of the Depths)

   It affects your dexterity (+3).
   It protects you from cold.
   It insulates you from electricity.
 S - a +2 pair of gloves (worn)
 W - a +2 hat of see invisible
Jewellery
 e - the ring of Caat {rElec rC- Str+3 Dex+5 SInv}
   (You took it off a fire giant on level 5 of the Vaults)

   [ring of see invisible]

   It affects your strength (+3).
   It affects your dexterity (+5).
   It makes you vulnerable to cold.
   It insulates you from electricity.
   It lets you see invisible.
 n - a +3 ring of slaying (left hand)
 s - a +2 ring of dexterity
 t - the ring of the Echidna (right hand) {EV+5 Str+5 Int+5 Stlth+}
   (You acquired it on level 2 of the Shoals)

   [ring of evasion]

   It affects your evasion (+5).
   It affects your strength (+5).
   It affects your intelligence (+5).
   It makes you more stealthy.
 V - the amulet "Obegisow" (around neck) {Faith +Blink MR+ MP-9 Dex+4}
   (You bought it in a shop on level 5 of the Vaults)

   [amulet of faith]

   It allows you to gain divine favour quickly.
   It affects your dexterity (+4).
   It affects your resistance to hostile enchantments.
   It affects your magic capacity (-9).
   It lets you blink.
Wands
 h - a wand of digging (12/24)
 O - a wand of teleportation (7/9)
 Q - a wand of digging (8/24)
 T - a wand of disintegration (11/24)
 U - a wand of heal wounds (7/9)
 Y - a wand of hasting (6/9)
 Z - a wand of enslavement (7/24)
Scrolls
 g - 8 scrolls of magic mapping
 l - 21 scrolls of remove curse
 m - 6 scrolls of enchant weapon
 q - 4 scrolls of identify
 r - 21 scrolls of teleportation
 y - 3 scrolls of silence
 z - 3 scrolls of holy word
 B - 3 scrolls of summoning
 D - 8 scrolls of blinking
 F - a scroll of fog
 P - 6 scrolls of recharging
 R - 5 scrolls of fear
Potions
 d - 8 potions of might
 j - a potion of cure mutation
 k - 2 potions of invisibility
 u - 5 potions of berserk rage
 v - 4 potions of agility
 x - 8 potions of curing
 E - 5 potions of flight
 G - 2 potions of ambrosia
 H - 2 potions of cancellation
 I - a potion of resistance
 J - 2 potions of magic
Comestibles
 f - 25 bread rations
 p - 2 meat rations
 w - 2 fruits


   Skills:
 O Level 27 Fighting
 O Level 27 Long Blades
 O Level 27 Armour
 + Level 21.9 Dodging
   Level 3.6 Shields
 - Level 10.5 Unarmed Combat
 - Level 9.1 Invocations


You had 25 spell levels left.
You didn't know any spells.

Dungeon Overview and Level Annotations

Branches:
Dungeon (15/15)            Temple (1/1) D:6            Lair (6/6) D:8
 Shoals (4/4) Lair:4        Snake (4/4) Lair:3        Slime (0/5) Lair:6
    Orc (2/2) D:9             Elf (0/3) Orc:2        Vaults (5/5) D:13
  Crypt (0/3) Vaults:3     Depths (5/5) D:15            Zot (5/5) Depths:5

Altars:
Cheibriados
Elyvilon
Gozag
Hepliaklqana
Kikubaaqudgha
Makhleb
Okawaru
Trog
Uskayaw
Xom
Yredelemnul
Zin
The Shining One
Beogh

Shops:
Orc:1 *   Orc:2 =**}   Vaults:1 ?   Vaults:2 ?   Vaults:3 !   Vaults:4 *
Vaults:5 :==*   Depths:2 *=:}*   Depths:3 }==}

Portals:
Hell: Depths:1 Depths:2 Depths:3 Depths:4 Depths:5
Abyss: Depths:3 Depths:4 Depths:5
Pandemonium: Depths:2 Depths:3 Depths:5
Ziggurat: Depths:1

Annotations:
Snake:2 exclusion: Roxanne, Roxanne
Vaults:2 exclusion: obsidian statue
Depths:1 exclusion: door


Innate Abilities, Weirdness & Mutations

You reflexively headbutt those who attack you in melee.
You have a pair of large horns on your head.
You are partially covered in thin metallic scales. (AC +2)
Your mind is very acute. (Int +4)
You occasionally shout uncontrollably at your foes.


Message History

The air twists around and strikes you!
You are lightly contaminated with residual magic.
There is a stone staircase leading down here.
Evoke which item? (* to show all) (? for menu, Esc to quit)
Zapping:
Q - a wand of digging (9/24)
Press: ? - help, Shift-Dir - straight line The rock shatters into small pieces.
This wand has 8 charges left.
There is an open door here.
Your extra speed is starting to run out.
There is an open door here.
There is an open door here.
There is a staircase leading out of the dungeon here.
As you read the scroll of acquirement, it crumbles to dust.
This is a scroll of acquirement! [a] Weapon [b] Armour [c] Jewellery [d] Book [e] Staff [f] Wand [g] Misc.
Evocable [h] Food [i] Gold What kind of item would you like to acquire? (\ to view known items)
Something appears at your feet!
You now have 3760 gold pieces (gained 1520).
You have escaped!

...#.#####..##.###### #.#
#.##.....#..........# #.#
......####..#+#'#P.P#######.##
#####.# #.P#...#P8P##.......#
#.# #.P#...#PPP##.####.## #.#
#⌠P#...######.#.####
#.########'#######....#######
#....'##...#..##.............
#.########.'@.####....#######
#####.# #######.....####
......# ##### #.##......#
###.#########...# #.####.##.#
#.##.........## #.# #.##.#
#.##.######..# #.####.##.#
#.##.######..# #......##.#
#.##.#...##..## #########.#
#.†.......#...#####.## #.#


There were no monsters in sight!

Vanquished Creatures
  4 orbs of fire (Zot:5)
  5 ancient liches (Zot:5)
  Mennas (Depths:4)
  2 juggernauts
  Vashnia (Snake:4)
  6 caustic shrikes
  A Killer Klown (Zot:5)
  the Enchantress (Depths:2)
  10 golden dragons
  2 electric golems
  5 liches
  18 tentacled monstrosities
  4 titans
  11 quicksilver dragons
  22 Orb Guardians
  The ghost of Thomus the Severer, an adept HOFi of Okawaru (Shoals:4)
  7 sphinxes
  Gastronok (Lair:3)
  11 shadow dragons
  13 death cobs
  Donald (Snake:4)
  7 tengu reavers
  12 storm dragons
  9 nagarajas (Snake:4)
  3 draconian monks
  12 frost giants
  9 fire giants
  18 vault wardens
  Louise (Snake:2)
  7 ghost moths
  2 iron dragons
  3 deep elf sorcerers
  2 deep elf elementalists (Vaults:5)
  An orc warlord (Vaults:4)
  5 draconian knights
  4 draconian shifters
  A cacodemon (Zot:5)
  A draconian zealot (Zot:2)
  22 very ugly things
  A ghost moth (shapeshifter) (Vaults:5)
  5 draconian annihilators
  22 ironheart preservers
  5 war gargoyles (Vaults:5)
  A caustic shrike skeleton (Depths:4)
  5 spriggan defenders (Depths:2)
  17 stone giants
  4 vampire knights
  3 entropy weavers
  6 green draconians
  The ghost of murphy the Fighter, a journeyman FoFi of Okawaru (D:12)
  5 black draconians
  3 mottled draconians
  6 red draconians
  6 white draconians
  3 deep elf annihilators
  A deep elf demonologist (Vaults:5)
  19 spark wasps
  10 purple draconians
  A dire elephant (D:15)
  4 deep elf death magi
  17 ettins
  A green death (Depths:5)
  8 yellow draconians
  An ettin (shapeshifter) (Vaults:5)
  11 fire dragons
  A crystal guardian (Vaults:5)
  7 merfolk javelineers
  2 eidola (Vaults:3)
  10 merfolk impalers
  2 jiangshi (Depths:5)
  22 yaktaur captains
  14 ice dragons
  6 deep elf high priests
  Josephine (D:12)
  A small abomination (Depths:4)
  37 vault guards
  Fannar (Orc:1)
  7 great orbs of eyes
  A hell beast (Depths:2)
  9 rakshasas
  13 naga warriors
  8 hydras
  7 spriggan air magi
  2 ghost crabs (shapeshifter)
  3 alligator snapping turtles (Shoals:4)
  2 merfolk aquamancers (Shoals:4)
  Erica (Lair:2)
  15 ogre magi
  12 anacondas
  2 merfolk avatars
  18 centaur warriors
  2 death knights
  8 deep troll earth magi
  4 orc high priests
  10 spriggan berserkers
  10 tengu warriors
  5 vampire magi
  21 naga sharpshooters
  10 deep troll shamans
  The ghost of murphy the Cleaver, a novice DDFi of Makhleb (Lair:2)
  7 shock serpents
  9 spriggans
  The ghost of KingBobo974 the Cleaver, a novice HOBe of Trog (D:7)
  6 deep elf knights
  Nergalle (Orc:1)
  A soul eater (Depths:2)
  Sonja (D:13)
  A salamander mystic (Snake:3)
  A sixfirhy (Zot:5)
  9 hell knights (Depths:2)
  A shadow wraith (Vaults:4)
  A glowing orange brain (Depths:2)
  7 skeletal warriors
  10 sea snakes
  3 unseen horrors
  4 deep elf archers
  29 deep trolls
  9 wizards
  8 naga ritualists
  6 flayed ghosts
  8 harpies
  6 hill giants
  16 orc knights
  7 necromancers
  A tengu zombie (Vaults:5)
  5 phantasmal warriors
  21 ironbrand convokers
  5 orc sorcerers
  16 deep elf magi
  A mana viper (shapeshifter) (Vaults:5)
  6 wolf spiders
  11 mana vipers
  35 ugly things
  4 salamanders
  A toenail golem (D:2)
  6 cyclopes
  7 fauns (Shoals:1)
  12 elephants (Lair:6)
  A faun (shapeshifter) (Depths:4)
  22 moths of wrath
  5 sirens
  6 manticores
  A fire giant skeleton (Vaults:5)
  2 centaur zombies
  45 black mambas
  5 guardian serpents
  3 ice statues (IceCv)
  A guardian serpent (shapeshifter) (Vaults:4)
  13 vault sentinels
  Maurice (Orc:2)
  An orange demon (Zot:5)
  A smoke demon (Depths:5)
  20 naga magi
  6 water nymphs
  5 spectral swamp worms (Depths:2)
  18 spiny frogs
  5 centaur skeletons
  3 gargoyles (D:13)
  2 rime drakes (shapeshifter)
  10 komodo dragons
  2 rime drakes (Lair:2)
  8 freezing wraiths
  13 ice devils
  58 yaktaurs
  5 tengu conjurers
  3 hellwings
  7 trolls
  28 merfolk
  5 wind drakes
  2 polar bears (shapeshifter) (Vaults:3)
  A troll (shapeshifter) (Depths:2)
  25 two-headed ogres
  A polar bear (Lair:6)
  5 blink frogs (Lair:6)
  A hornet (shapeshifter) (Vaults:4)
  2 slime creatures (shapeshifter) (Depths:4)
  2 hippogriffs (shapeshifter)
  A tyrant leech (shapeshifter) (Vaults:5)
  42 slime creatures
  2 dream sheep (D:10)
  11 hornets
  2 human simulacra (Vaults:3)
  A fire giant simulacrum (Vaults:3)
  8 hippogriffs
  5 redbacks
  An ettin skeleton (Vaults:5)
  2 tarantellas (Vaults:4)
  7 snapping turtles
  8 wraiths
  A vampire (D:13)
  A shadow (D:15)
  2 air elementals (Depths:2)
  A ynoxinul (D:6)
  3 centaur simulacra
  11 wyverns
  11 water elementals
  18 yaks
  A tarantella (shapeshifter) (Vaults:1)
  A chaos spawn (Depths:2)
  3 hungry ghosts
  4 basilisks
  2 vampire mosquitoes (D:15)
  A neqoxec (Depths:5)
  5 wargs
  3 mottled dragons
  64 nagas
  23 water moccasins
  A floating eye (Depths:2)
  5 porcupines
  39 orc warriors
  A black bear (Lair:1)
  An ice beast (D:14)
  4 sky beasts
  An eye of draining (D:13)
  A phantom (D:4)
  A tengu (shapeshifter) (Depths:4)
  An elf zombie (Vaults:3)
  An eye of draining (shapeshifter) (Vaults:2)
  15 centaurs
  A necrophage (D:13)
  12 boggarts
  48 ogres
  11 crocodiles
  11 wolves
  4 big kobolds
  17 bullfrogs
  A gnoll sergeant (D:7)
  A water moccasin skeleton (D:4)
  3 scorpions
  3 killer bees (D:8)
  A troll zombie (D:9)
  A troll skeleton (D:9)
  20 wights
  3 howler monkeys (D:10)
  5 electric eels
  A bullfrog zombie (D:12)
  5 crimson imps
  4 draconian simulacra (IceCv)
  2 quasits
  24 orc priests
  5 human zombies
  5 hounds
  3 jellies
  32 orc wizards
  3 iron imps (Depths:5)
  Jessica (D:3)
  7 iguanas
  14 worker ants
  2 human skeletons
  A spriggan simulacrum (IceCv)
  A hound skeleton (D:4)
  A worker ant zombie (D:9)
  2 mummies (D:9)
  2 howler monkey skeletons
  2 ogre simulacra (IceCv)
  19 adders
  14 gnolls
  A naga simulacrum (IceCv)
  5 river rats
  4 shadow imps
  15 white imps
  2 ufetubi (D:14)
  A worm (D:2)
  A dart slug (D:2)
  2 leopard geckos
  83 orcs
  16 bats
  6 giant cockroaches
  9 goblins
  11 hobgoblins
  6 quokkas
  3 ball pythons
  3 frilled lizards
  15 kobolds
  A leopard gecko skeleton (D:8)
  18 rats
  A crawling corpse (Depths:4)
2125 creatures vanquished.

Vanquished Creatures (others)
  Asterion (Snake:2)
  A naga (Snake:2)
  11 fungi
  9 plants
22 creatures vanquished.

Grand Total: 2147 creatures vanquished

Notes
Turn   | Place    | Note
-------+----------+-------------------------------------------
     0 | D:1      | Idleism the Minotaur Fighter began the quest for the Orb.
     0 | D:1      | Reached XP level 1. HP: 19/19 MP: 0/0
   285 | D:1      | Reached XP level 2. HP: 22/26 MP: 1/1
  1089 | D:2      | Reached XP level 3. HP: 31/31 MP: 2/2
  1388 | D:2      | Found an iron altar of Okawaru.
  1399 | D:2      | Became a worshipper of Warmaster Okawaru
  1443 | D:2      | Reached skill level 5 in Long Blades
  1620 | D:2      | Found a burning altar of Makhleb.
  1824 | D:3      | Reached XP level 4. HP: 39/39 MP: 3/3
  1915 | D:3      | Reached XP level 5. HP: 45/45 MP: 4/4
  1936 | D:3      | Found a shimmering altar of Xom.
  1937 | D:3      | Found a hazy altar of Hepliaklqana.
  1937 | D:3      | Noticed a yak
  1938 | D:3      | Noticed a spectral ugly thing
  1938 | D:3      | Noticed a yak
  2417 | D:3      | Noticed Jessica
  2425 | D:3      | Killed Jessica
  2672 | D:3      | Reached * piety under Okawaru
  2672 | D:3      | Reached XP level 6. HP: 35/51 MP: 5/5
  2880 | D:4      | Reached skill level 5 in Fighting
  3029 | D:4      | Found a hide-covered altar of Uskayaw.
  3038 | D:4      | Found a basalt altar of Yredelemnul.
  3123 | D:4      | Reached XP level 7. HP: 47/63 MP: 6/6
  3353 | D:4      | Found Pypahepe's Magic Scroll Emporium.
  3357 | D:4      | Bought a scroll of remove curse for 30 gold pieces
  3357 | D:4      | Bought a scroll of teleportation for 30 gold pieces
  3357 | D:4      | Bought a scroll of identify for 20 gold pieces
  3485 | D:4      | Reached skill level 5 in Armour
  3605 | D:5      | Entered Level 5 of the Dungeon
  3609 | D:5      | Reached ** piety under Okawaru
  4269 | D:6      | Got a wizard robe
  4374 | D:6      | Reached XP level 8. HP: 70/70 MP: 7/7
  4529 | D:4      | Bought a scroll of enchant armour for 75 gold pieces
  4529 | D:4      | Bought a scroll of magic mapping for 35 gold pieces
  4734 | D:6      | Found a glowing silver altar of Zin.
  5010 | D:6      | Reached skill level 10 in Long Blades
  5021 | D:6      | Found a staircase to the Ecumenical Temple.
  5037 | Temple   | Entered the Ecumenical Temple
  5154 | D:6      | Found a snail-covered altar of Cheibriados.
  5673 | D:7      | Noticed a hippogriff
  5682 | D:7      | Killed a hippogriff
  5682 | D:7      | Reached *** piety under Okawaru
  5711 | D:7      | Noticed a hornet
  5718 | D:7      | Paralysed by a hornet for 2 turns
  5725 | D:7      | Killed a hornet
  5928 | D:7      | Found a glowing golden altar of the Shining One.
  6079 | D:7      | Noticed KingBobo974's ghost (novice HOBe)
  6092 | D:7      | Killed KingBobo974's ghost
  6092 | D:7      | Reached **** piety under Okawaru
  6092 | D:7      | Reached XP level 9. HP: 53/75 MP: 5/8
  6610 | D:4      | Bought a scroll of recharging for 95 gold pieces
  6610 | D:4      | Bought a scroll of identify for 20 gold pieces
  6610 | D:4      | Bought a scroll of teleportation for 30 gold pieces
  7313 | D:8      | Reached ***** piety under Okawaru
  7524 | D:8      | Found a staircase to the Lair.
  7824 | D:9      | Found a bloodstained altar of Trog.
  7824 | D:9      | Found a white marble altar of Elyvilon.
  7877 | D:9      | Found a staircase to the Orcish Mines.
  8008 | D:9      | Reached XP level 10. HP: 83/83 MP: 9/9
  8041 | D:9      | Reached skill level 15 in Long Blades
  8488 | D:9      | Found an ancient bone altar of Kikubaaqudgha.
  8588 | D:10     | Entered Level 10 of the Dungeon
  8901 | D:10     | Reached skill level 10 in Fighting
  9012 | D:10     | Reached ****** piety under Okawaru
  9057 | D:10     | Noticed a three-headed hydra
  9066 | D:10     | Killed a one-headed hydra
  9066 | D:10     | Received a gift from Okawaru
  9303 | Lair:1   | Entered Level 1 of the Lair of Beasts
  9309 | Lair:1   | Reached XP level 11. HP: 93/102 MP: 10/10
  9320 | Lair:1   | Identified the +0 robe "Xagy" {MR+} (You found it on level 6 of the Dungeon)
 10139 | Lair:2   | Noticed murphy's ghost (novice DDFi)
 10153 | Lair:2   | Reached skill level 10 in Armour
 10165 | Lair:2   | Killed murphy's ghost
 10219 | Lair:2   | Reached skill level 1 in Invocations
 10632 | Lair:2   | Noticed a four-headed hydra
 10666 | Lair:2   | Killed a one-headed hydra
 10697 | Lair:2   | Noticed Erica
 10707 | Lair:2   | Killed Erica
 10707 | Lair:2   | Received a gift from Okawaru
 10721 | Lair:2   | Got a twisted crystal plate armour {god gift}
 10734 | Lair:2   | Identified the +7 crystal plate armour of a labyrinth {rElec MR+ Int+3 Stlth+} (Okawaru gifted it to you on level 2 of the Lair of Beasts)
 11294 | Lair:3   | Noticed Gastronok
 11308 | Lair:3   | Killed Gastronok
 11308 | Lair:3   | Reached XP level 12. HP: 101/110 MP: 12/14
 11425 | Lair:3   | Found a staircase to the Snake Pit.
 11954 | Lair:3   | Received a gift from Okawaru
 12492 | Lair:4   | Noticed a five-headed hydra
 12501 | Lair:4   | Killed a one-headed hydra
 12532 | Lair:4   | Reached skill level 15 in Armour
 12666 | Lair:4   | Found a staircase to the Shoals.
 12666 | Lair:4   | Noticed a seven-headed hydra
 12681 | Lair:4   | Killed a one-headed hydra
 13729 | Lair:6   | Entered Level 6 of the Lair of Beasts
 13961 | Lair:6   | Noticed a five-headed hydra
 13974 | Lair:6   | Killed a one-headed hydra
 13974 | Lair:6   | Reached XP level 13. HP: 112/116 MP: 15/15
 14299 | Lair:6   | Received a gift from Okawaru
 14617 | Lair:6   | Found a staircase to the Slime Pits.
 14640 | Lair:6   | Received a gift from Okawaru
 15100 | Lair:6   | Received a gift from Okawaru
 16925 | D:11     | Found an opulent altar of Gozag.
 17110 | D:11     | Found a basalt altar of Yredelemnul.
 17191 | D:11     | Reached XP level 14. HP: 119/124 MP: 13/16
 17606 | D:12     | Noticed murphy's ghost (journeyman FoFi)
 17616 | D:12     | Killed murphy's ghost
 17632 | D:12     | Noticed Josephine
 17638 | D:12     | Killed Josephine
 17870 | D:12     | Received a gift from Okawaru
 17918 | D:12     | Reached skill level 5 in Dodging
 18654 | D:13     | Received a gift from Okawaru
 18711 | D:13     | Noticed Sonja
 18734 | D:13     | Cast into level 2 of the Abyss (Sonja)
 18738 | Abyss:2  | Found a corrupted altar of Lugonu.
 18741 | D:13     | Escaped the Abyss
 18750 | D:13     | Killed Sonja
 19284 | D:13     | Got a transparent robe
 19329 | D:13     | Received a gift from Okawaru
 19347 | D:13     | Found a gate to the Vaults.
 19647 | Orc:1    | Entered Level 1 of the Orcish Mines
 19654 | Orc:1    | Received a gift from Okawaru
 19696 | D:9      | Identified the +1 robe of Duty {MP+9 Dex+5} (You found it on level 13 of the Dungeon)
 19788 | Orc:1    | Found Caifoica's General Store.
 19801 | Orc:1    | Bought a potion of heal wounds for 85 gold pieces
 19842 | Orc:2    | Entered Level 2 of the Orcish Mines
 19845 | Orc:2    | Noticed Maurice
 19867 | Orc:2    | Killed Maurice
 19877 | Orc:2    | Found a staircase to the Elven Halls.
 20075 | Orc:1    | Noticed Nergalle
 20078 | Orc:1    | Noticed Fannar
 20079 | Orc:1    | Killed Nergalle
 20096 | Orc:1    | Killed Fannar
 20244 | Orc:1    | Reached XP level 15. HP: 131/132 MP: 14/17
 20378 | Orc:2    | Found a roughly hewn altar of Beogh.
 20535 | Orc:2    | Found Faonkeet's Jewellery Emporium.
 20884 | Orc:2    | Found Pithe's Gadget Boutique.
 21075 | Orc:2    | Found Jyn Dapn's General Store.
 21080 | Orc:2    | Bought a scroll of enchant weapon for 97 gold pieces
 21083 | Orc:2    | Found Wico's General Store.
 21091 | Orc:2    | Bought a scroll of enchant weapon for 82 gold pieces
 21688 | D:14     | Found a frozen archway.
 21735 | IceCv    | Entered an ice cave
 21895 | IceCv    | Received a gift from Okawaru
 21898 | IceCv    | Got a crude scale mail {god gift}
 22729 | D:15     | Entered Level 15 of the Dungeon
 23208 | D:15     | Found a staircase to the Depths.
 23562 | D:15     | Found a snail-covered altar of Cheibriados.
 24061 | Shoals:1 | Entered Level 1 of the Shoals
 24138 | Shoals:1 | Reached skill level 5 in Invocations
 24508 | Shoals:1 | You fall through a shaft!
 24594 | Snake:1  | Entered Level 1 of the Snake Pit
 24653 | Snake:1  | Identified the +0 scale mail of Orthodoxy {*Drain rN++ rCorr SInv} (Okawaru gifted it to you in an ice cave)
 24681 | Snake:1  | Received a gift from Okawaru
 25102 | Snake:1  | Reached XP level 16. HP: 129/139 MP: 19/19
 25619 | Snake:2  | Noticed Roxanne
 25635 | Snake:2  | Noticed Asterion
 25645 | Snake:2  | Killed Asterion
 25663 | Snake:2  | Found a flickering gateway to a bazaar.
 25670 | Bazaar   | Entered a bazaar
 25673 | Bazaar   | Found Yna Tise's Food Emporium.
 25684 | Bazaar   | Found Adwuyp's Weapon Emporium.
 25698 | Bazaar   | Found Gyipyrch's Gadget Shoppe.
 25700 | Bazaar   | Found Geegg's Distillery.
 25711 | Bazaar   | Bought a potion of might for 28 gold pieces
 25711 | Bazaar   | Bought a potion of might for 28 gold pieces
 25711 | Bazaar   | Bought a potion of curing for 21 gold pieces
 25711 | Bazaar   | Bought a potion of curing for 21 gold pieces
 25711 | Bazaar   | Bought a potion of heal wounds for 35 gold pieces
 25711 | Bazaar   | Bought a potion of cure mutation for 175 gold pieces
 25711 | Bazaar   | Bought a potion of haste for 70 gold pieces
 25889 | Snake:2  | Found an iron altar of Okawaru.
 26084 | Snake:2  | Noticed Louise
 26106 | Snake:2  | Killed Louise
 26106 | Snake:2  | Received a gift from Okawaru
 27094 | Snake:3  | Received a gift from Okawaru
 27097 | Snake:3  | Got a smoking great sword {god gift}
 27098 | Snake:3  | Identified the +1 great sword of the Eight Blessings {slice, rElec} (Okawaru gifted it to you on level 3 of the Snake Pit)
 27679 | Snake:3  | Received a gift from Okawaru
 27942 | Snake:3  | Reached skill level 15 in Fighting
 28166 | Snake:4  | Entered Level 4 of the Snake Pit
 28375 | Snake:4  | Noticed Vashnia
 28406 | Snake:4  | Killed Vashnia
 28406 | Snake:4  | Reached XP level 17. HP: 62/156 MP: 17/20
 28798 | Snake:4  | Noticed Donald
 28805 | Snake:4  | Killed Donald
 28948 | Snake:4  | Reached skill level 10 in Dodging
 28986 | Snake:4  | Received a gift from Okawaru
 29999 | Snake:4  | Got a serpentine rune of Zot
 30721 | Shoals:2 | Identified a scroll of acquirement
 30722 | Shoals:2 | Got a heavily runed glass ring
 30724 | Shoals:2 | Identified the ring of the Echidna {EV+5 Str+5 Int+5 Stlth+} (You acquired it on level 2 of the Shoals)
 30782 | Shoals:3 | Received a gift from Okawaru
 31059 | Shoals:4 | Entered Level 4 of the Shoals
 31185 | Shoals:4 | Noticed Thomus's ghost (adept HOFi)
 31202 | Shoals:4 | Killed Thomus's ghost
 31202 | Shoals:4 | Received a gift from Okawaru
 31202 | Shoals:4 | Reached XP level 18. HP: 133/170 MP: 21/23
 32518 | Shoals:4 | Got a barnacled rune of Zot
 32938 | D:12     | Received a gift from Okawaru
 33014 | Vaults:1 | Entered Level 1 of the Vaults
 33103 | Vaults:1 | Found Xeudiupe's Magic Scroll Shop.
 33751 | Vaults:1 | Received a gift from Okawaru
 33772 | Vaults:1 | Got a scorched long sword {god gift}
 33774 | Vaults:1 | Identified the +8 long sword of Evolution {drain, rF+++ Dex-5} (Okawaru gifted it to you on level 1 of the Vaults)
 34148 | Vaults:1 | Reached XP level 19. HP: 183/189 MP: 24/24
 34718 | Vaults:2 | Received a gift from Okawaru
 35017 | Vaults:2 | Found Coseso Rihu's Magic Scroll Shop.
 35022 | Vaults:2 | Bought 3 scrolls of blinking for 472 gold pieces
 35022 | Vaults:2 | Bought a scroll of blinking for 157 gold pieces
 35022 | Vaults:2 | Bought a scroll of blinking for 157 gold pieces
 35839 | Vaults:2 | Gained mutation: You are partially covered in thin metallic scales. (AC +2) [potion of beneficial mutation]
 35840 | Vaults:2 | Gained mutation: Your mind is acute. (Int +2) [potion of beneficial mutation]
 35991 | Vaults:3 | Received a gift from Okawaru
 36497 | Vaults:3 | Received a gift from Okawaru
 36724 | Vaults:3 | Found Xyafuow's Distillery.
 36740 | Vaults:3 | Bought a potion of resistance for 180 gold pieces
 36740 | Vaults:3 | Bought a potion of heal wounds for 90 gold pieces
 36874 | Vaults:3 | Reached XP level 20. HP: 198/200 MP: 25/25
 36970 | Vaults:3 | Found a staircase to the Crypt.
 37363 | Vaults:4 | Received a gift from Okawaru
 37755 | Vaults:4 | Found Riatef's Assorted Antiques.
 38560 | Depths:1 | Entered Level 1 of the Depths
 38567 | Depths:1 | Found a gateway to Hell.
 38647 | Depths:1 | Found a gateway to a ziggurat.
 39061 | Depths:1 | Received a gift from Okawaru
 39071 | Depths:1 | Got a twisted great sword {god gift}
 39084 | Depths:1 | Identified the +2 great sword of Zeroinn {freeze, +Rage +Inv rPois Int-2 Dex+3} (Okawaru gifted it to you on level 1 of the Depths)
 39452 | Depths:1 | Noticed a golden dragon
 39458 | Depths:1 | Killed a golden dragon
 39732 | Depths:1 | Found a runed door.
 39825 | Depths:2 | Found Qonoxin's Assorted Antiques.
 39827 | Depths:2 | Found Qocw's Gadget Shop.
 39833 | Depths:2 | Found Yfito's Jewellery Shop.
 39883 | Depths:2 | Reached XP level 21. HP: 200/207 MP: 26/26
 39931 | Depths:2 | Found Ivathrul's Book Shoppe.
 39990 | Depths:2 | Found a one-way gate leading to the halls of Pandemonium.
 39993 | Depths:2 | Received a gift from Okawaru
 40001 | Depths:2 | Got a pair of steaming boots {god gift}
 40012 | Depths:2 | Identified the +2 pair of boots of the Clam {rElec rC+ Dex+3} (Okawaru gifted it to you on level 2 of the Depths)
 40036 | Depths:2 | Noticed the Enchantress
 40044 | Depths:2 | Killed the Enchantress
 40429 | Depths:2 | Found Joaxieck's General Store.
 40822 | Depths:2 | Noticed a juggernaut
 40833 | Depths:2 | Killed a juggernaut
 40833 | Depths:2 | Received a gift from Okawaru
 40833 | Depths:2 | Paralysed by a floating eye for 3 turns
 40873 | Depths:2 | Got a shimmering cloak {god gift}
 40887 | Depths:2 | Identified the +0 cloak of the Depths {Stlth+} (Okawaru gifted it to you on level 2 of the Depths)
 41029 | Depths:2 | Noticed a caustic shrike
 41030 | Depths:2 | Noticed a caustic shrike
 41032 | Depths:2 | Killed a caustic shrike
 41039 | Depths:2 | Killed a caustic shrike
 41049 | Depths:2 | Noticed a caustic shrike
 41050 | Depths:2 | Noticed a caustic shrike
 41056 | Depths:2 | Noticed a caustic shrike
 41056 | Depths:2 | Killed a caustic shrike
 41056 | Depths:2 | Received a gift from Okawaru
 41065 | Depths:2 | Killed a caustic shrike
 41069 | Depths:2 | Killed a caustic shrike
 41069 | Depths:2 | Reached skill level 27 in Long Blades
 41084 | Depths:2 | Reached XP level 22. HP: 136/215 MP: 27/27
 41256 | Depths:2 | Identified the Compendium of Contamination
 42325 | Vaults:3 | Received a gift from Okawaru
 42398 | Vaults:3 | Paralysed by an ogre mage for 4 turns
 42472 | Vaults:5 | Entered Level 5 of the Vaults
 42781 | Vaults:5 | Received a gift from Okawaru
 42876 | Vaults:5 | Got a shimmering triple sword {god gift}
 42883 | Vaults:5 | Identified the +6 triple sword of Idleism's Valiance {slice, rF+ MP+9} (Okawaru gifted it to you on level 5 of the Vaults)
 43146 | Vaults:5 | Received a gift from Okawaru
 43298 | Vaults:5 | Reached XP level 23. HP: 114/234 MP: 28/28
 44158 | Vaults:5 | Found Xidor's General Store.
 44163 | Vaults:5 | Bought a scroll of teleportation for 66 gold pieces
 44192 | Vaults:5 | Found Ranisopni's Jewellery Shoppe.
 44193 | Vaults:5 | Found Tuch's Jewellery Shoppe.
 44199 | Vaults:5 | Received a gift from Okawaru
 44202 | Vaults:5 | Got a shimmering scale mail {god gift}
 44203 | Vaults:5 | Identified the +7 scale mail of Trial and Error {*Slow rF++ Dex+5} (Okawaru gifted it to you on level 5 of the Vaults)
 44266 | Vaults:5 | Found Daptogey's Book Boutique.
 44285 | Vaults:5 | Bought the amulet "Obegisow" {Faith +Blink MR+ MP-9 Dex+4} for 884 gold pieces
 44471 | Vaults:5 | Got a crude glass ring
 44473 | Vaults:5 | Identified the ring of Caat {rElec rC- Str+3 Dex+5 SInv} (You took it off a fire giant on level 5 of the Vaults)
 44519 | Vaults:5 | Got a brightly glowing wooden ring
 44580 | Vaults:5 | Got a silver rune of Zot
 44710 | Vaults:5 | Got a faintly glowing iron ring
 44734 | Vaults:5 | Identified the ring "Zuschi Ujeo" {rPois rF+} (You took it off a necromancer on level 5 of the Vaults)
 44736 | Vaults:5 | Identified the ring "Koxil" {AC+5 Int+3} (You took it off a deep elf annihilator on level 5 of the Vaults)
 45416 | Depths:3 | Found Qihublef's Gadget Shoppe.
 45540 | Depths:3 | Reached skill level 27 in Fighting
 45551 | Depths:3 | Reached skill level 1 in Unarmed Combat
 45612 | Depths:3 | Found Daptogey's Gadget Shop.
 45612 | Depths:3 | Found Ureorauk's Jewellery Shoppe.
 45613 | Depths:3 | Found Moqod's Jewellery Shoppe.
 45678 | Depths:3 | Found a one-way gate to the infinite horrors of the Abyss.
 45933 | Depths:4 | Received a gift from Okawaru
 45938 | Depths:4 | Noticed Mennas
 45960 | Depths:4 | Killed Mennas
 45966 | Depths:4 | Got a twisted scale mail {god gift}
 45977 | Depths:4 | Identified the +4 scale mail "Xitorian" {Int+2 Dex+2} (Okawaru gifted it to you on level 4 of the Depths)
 46149 | Depths:4 | Noticed a caustic shrike
 46161 | Depths:4 | Killed a caustic shrike
 46165 | Depths:4 | Noticed a juggernaut
 46179 | Depths:4 | Killed a juggernaut
 46194 | Depths:4 | Reached XP level 24. HP: 148/249 MP: 14/28
 46206 | Depths:4 | Reached skill level 15 in Dodging
 46848 | Depths:4 | Received a gift from Okawaru
 47575 | Depths:5 | Entered Level 5 of the Depths
 47959 | Depths:5 | Received a gift from Okawaru
 47967 | Depths:5 | Got a distressingly furry plate armour {god gift}
 47968 | Depths:5 | Identified the +10 plate armour of the Gravedigger {Str+9} (Okawaru gifted it to you on level 5 of the Depths)
 48155 | Depths:5 | Found a gate to the Realm of Zot.
 48498 | Zot:1    | Entered Level 1 of the Realm of Zot
 48840 | Zot:1    | Reached XP level 25. HP: 257/257 MP: 19/28
 48845 | Zot:1    | Received a gift from Okawaru
 49761 | Zot:2    | Reached skill level 27 in Armour
 49828 | Zot:2    | Received a gift from Okawaru
 50602 | Zot:3    | Reached skill level 5 in Unarmed Combat
 51514 | Zot:4    | Received a gift from Okawaru
 51668 | Zot:4    | Gained mutation: You are mostly covered in thin metallic scales. (AC +3) [potion of beneficial mutation]
 51865 | Zot:4    | Received a gift from Okawaru
 52084 | Zot:5    | Entered Level 5 of the Realm of Zot
 52226 | Zot:5    | Reached skill level 10 in Unarmed Combat
 52265 | Zot:5    | Reached XP level 26. HP: 266/266 MP: 7/28
 52513 | Zot:5    | Noticed an ancient lich
 52544 | Zot:5    | Killed an ancient lich
 52635 | Zot:5    | Noticed an ancient lich
 52639 | Zot:5    | Noticed an ancient lich
 52644 | Zot:5    | Noticed an ancient lich
 52843 | Zot:5    | Killed an ancient lich
 52854 | Zot:5    | Noticed an orb of fire
 52855 | Zot:5    | Gained mutation: Your body sometimes deteriorates upon taking damage. [an orb of fire]
 52866 | Zot:5    | Gained mutation: You occasionally shout uncontrollably at your foes. [an orb of fire]
 52877 | Zot:5    | Killed an orb of fire
 52877 | Zot:5    | Received a gift from Okawaru
 52883 | Zot:5    | Lost mutation: You are mostly covered in thin metallic scales. (AC +3) [potion of cure mutation]
 52883 | Zot:5    | Lost mutation: You occasionally shout uncontrollably at your foes. [potion of cure mutation]
 52883 | Zot:5    | Lost mutation: Your body sometimes deteriorates upon taking damage. [potion of cure mutation]
 52888 | Zot:5    | Noticed an ancient lich
 52898 | Zot:5    | Killed an ancient lich
 52938 | Zot:5    | Killed an ancient lich
 52941 | Zot:5    | Noticed an orb of fire
 52947 | Zot:5    | Gained mutation: Your mind is very acute. (Int +4) [an orb of fire]
 52956 | Zot:5    | Killed an orb of fire
 53005 | Zot:5    | Received a gift from Okawaru
 53017 | Zot:5    | Killed an ancient lich
 53026 | Zot:5    | Noticed an orb of fire
 53038 | Zot:5    | Killed an orb of fire
 53061 | Zot:5    | Noticed an orb of fire
 53062 | Zot:5    | Got the Orb of Zot
 53073 | Zot:5    | Gained mutation: You occasionally shout uncontrollably at your foes. [an orb of fire]
 53076 | Zot:5    | Killed an orb of fire
 53121 | Zot:5    | Noticed an ancient lich
 53123 | Zot:5    | Noticed an ancient lich
 53135 | Zot:5    | Gained mutation: You have a pair of large horns on your head. [a cacodemon]
 53140 | Zot:5    | Received a gift from Okawaru
 53300 | Depths:3 | Noticed Qoroax Myst the pandemonium lord
 53401 | D:14     | Noticed Pitioq the pandemonium lord
 53768 | D:$      | Escaped with the Orb!

Skill      XL: |  1  2  3  4  5  6  7  8  9 10 11 12 13 14 15 16 17 18 19 20 21 22 23 24 25 26 |
---------------+-------------------------------------------------------------------------------+-----
Long Blades    | 3 4 5 6 7 8 9 13 14 15 18 20 23 24 25 27 | 27.0
Fighting       | 6 11 12 15 17 21 22 25 27 | 27.0
Armour         | 6 7 12 16 17 20 22 25 27 | 27.0
Invocations    | 4 6 9 |  9.1
Dodging        | 4 6 8 10 12 14 15 17 21 | 21.9
Unarmed Combat | 3 10 | 10.5
Shields        | |  3.6

Action                   |  1- 3 |  4- 6 |  7- 9 | 10-12 | 13-15 | 16-18 | 19-21 | 22-24 | 25-27 || total
-------------------------+-------+-------+-------+-------+-------+-------+-------+-------+-------++-------
Melee: Long sword        |    86 |   102 |   352 |   191 |       |       |       |       |    16 ||   747
       Headbutt          |    14 |    21 |    98 |   193 |   310 |   282 |   315 |   431 |   207 ||  1871
       Hand axe          |       |       |       |    18 |       |       |       |       |       ||    18
       Scimitar          |       |       |       |   421 |   168 |       |       |       |       ||   589
       Triple sword      |       |       |       |       |   907 |  1046 |  1025 |  1091 |   486 ||  4555
       Punch             |       |       |       |       |       |       |       |       |     2 ||     2
Invok: Heroism           |       |     1 |     7 |    19 |    33 |    34 |    19 |    26 |     2 ||   141
       Finesse           |       |       |       |     1 |     5 |     4 |     4 |    14 |     9 ||    37
 Abil: Evoke Flight      |       |       |       |       |     1 |     2 |       |       |       ||     3
Evoke: Wand              |       |       |       |       |     5 |     5 |     1 |     3 |    15 ||    29
  Use: Scroll            |       |       |     3 |     2 |    26 |     8 |    10 |    20 |    13 ||    82
       Potion            |       |       |     1 |       |    16 |     5 |     3 |     9 |    13 ||    47
 Stab: Paralysed         |       |       |       |       |     1 |       |       |       |       ||     1
  Eat: Chunk             |     3 |     4 |    16 |    19 |    24 |    25 |    22 |    13 |    11 ||   137
       Fruit             |       |       |       |     2 |     1 |     4 |       |       |     2 ||     9
       Meat ration       |       |       |       |       |     3 |       |       |     2 |     1 ||     6
       Royal jelly       |       |       |       |       |       |     1 |       |       |       ||     1
       Bread ration      |       |       |       |       |       |       |       |     1 |       ||     1
       Beef jerky        |       |       |       |       |       |       |       |       |     1 ||     1
Armor: Scale mail        |    29 |    32 |    92 |   103 |       |       |       |       |       ||   256
       Crystal plate arm |       |       |       |   161 |   806 |   721 |   460 |    15 |       ||  2163
       Gold dragon scale |       |       |       |       |       |       |       |   553 |   177 ||   730
Dodge: Dodged            |    22 |    20 |    74 |   117 |   398 |   687 |   590 |   819 |   357 ||  3084
Block: Shield            |    38 |    35 |   138 |   266 |    86 |       |       |       |       ||   563
       Rpst.: Long sword |     5 |     7 |    21 |     9 |       |       |       |       |       ||    42
       Scimitar          |       |       |       |    25 |    16 |       |       |       |       ||    41
       Triple sword      |       |       |       |       |    62 |   106 |   140 |   141 |    66 ||   515
